 Dungeon Crawl Stone Soup version 0.30-b1-2-g02819fbbbe (webtiles) character file.

Game seed: 13843221421645430181

178 Alarkh the Shooter (level 5, -1/38 HPs)
             Began as a Demonspawn Hunter on May 23, 2023.
             Killed by nerve-wracking pain
             ... invoked by Grinder
              (12 damage)
             ... on level 4 of the Dungeon.
             The game lasted 00:02:10 (3035 turns).

Alarkh the Shooter (Demonspawn Hunter)              Turns: 3035, Time: 00:02:11

Health: -1/38      AC:  3    Str: 12    XL:     5   Next: 32%
Magic:  5/5        EV: 11    Int: 12    God:
Gold:   172        SH:  0    Dex: 16    Spells: 4/4 levels left

rFire   . . .        a - +0 shortbow
rCold   . . .        (shield currently unavailable)
rNeg    . . .        c - +0 leather armour
rPois   .            (no helmet)
rElec   .            (no cloak)
rCorr   .            (no gloves)
SInv    .            (no boots)
Will    .....        (no amulet)
Stlth   +            (no ring)
HPRegen 0.26/turn    (no ring)
MPRegen 0.09/turn

%: no passive effects
@: no status effects
A: spiny 2, weakness stinger 1
a: no special abilities


You were on level 4 of the Dungeon.
You visited 1 branch of the dungeon, and saw 4 of its levels.

You collected 191 gold pieces.
You spent 19 gold pieces at shops.

Inventory:

Hand Weapons
 a - a +0 shortbow (weapon)
Armour
 c - a +0 leather armour (worn)
Magical Staves
 s - a staff of death
Jewellery
 e - a ring of fire
Wands
 o - a wand of light (4)
Scrolls
 b - 2 scrolls of immolation
 g - a scroll of teleportation {unknown}
 i - a scroll of fear {unknown}
 k - a scroll of enchant armour {unknown}
 l - a scroll of silence {unknown}
 n - 2 scrolls of magic mapping {unknown}
 p - 2 scrolls of identify {unknown}
Potions
 d - a potion of ambrosia {unknown}
 f - a potion of brilliance {unknown}
 h - a potion of heal wounds {unknown}
 j - a potion of attraction {unknown}
 m - a potion of mutation {unknown}
 q - a potion of haste {unknown}
 r - a potion of curing {unknown}
 t - a potion of might {unknown}


   Skills:
 - Level 2.0 Fighting
 + Level 5.4 Ranged Weapons
 - Level 1.7 Dodging
 - Level 0.8 Stealth
 + Level 2.4 Unarmed Combat


You had 4 spell levels left.
You didn't know any spells.
Your spell library was empty.

Dungeon Overview and Level Annotations

Branches:
Dungeon (4/15)
 Temple: D:4-7

Altars:
Ashenzari

Shops:
D:1 *   D:2 :

Annotations:
D:3 2 transporters, Alarkh's ghost, amateur DsCK
D:4 Grinder


Innate Abilities, Weirdness & Mutations

You are mostly covered in sharp spines.
You have a small tail.


Message History

Grinder shouts!
The arrow hits Grinder but does no damage.
You hear an angry hiss.
You shoot an arrow. The arrow hits Grinder.
Grinder is lightly wounded.
Grinder hits the bush but does no damage.
Something hits the bush.
The bush writhes in agony.
There is a stone staircase leading up here.
You shoot an arrow. The arrow hits Grinder!
Grinder is moderately wounded.
Grinder gestures at you.
You suddenly lose the ability to move!
Grinder gestures at you.
You shrug off the repeated paralysis!
You can move again.
You shoot an arrow. The arrow hits Grinder!
Grinder is heavily wounded.
You shoot an arrow.
The arrow hits Grinder but does no damage.
Grinder is heavily wounded.
You shoot an arrow. The arrow hits Grinder.
Grinder is heavily wounded.
You are now empty-handed.
You closely miss Grinder.
Grinder is heavily wounded.
Grinder hits you.
You hit Grinder but do no damage.
Grinder is heavily wounded.
Grinder hits you!
You writhe in agony.
a - a +0 shortbow (weapon)
Grinder hits you.
You writhe in agony.
* * * LOW HITPOINT WARNING * * *
Fire: a) +0 shortbow
Press: ? - help, Q - select action, (/) - cycle Shift-Dir - straight line, f/p - Grinder
Aim: Grinder (heavily wounded, 60% to hit)
You shoot an arrow. The arrow hits Grinder.
Grinder is heavily wounded.
Grinder gestures at you. Pain shoots through your body!
You die...

... ##..
###...#
.......
.......
###
.....>.
..#
.......##
..P
#.@##P♣
##.5.P♣
###.♣♣♣
#.P.♣
#...♣P
##P.P♣
#..)P.....
#.........
#.........


You could see Grinder.

Vanquished Creatures
  A hound (D:3)
  An iguana (D:4)
  4 adders
  3 adder zombies (D:3)
  3 adder skeletons (D:3)
  A worm (D:2)
  A dart slug (D:2)
  5 orcs
  5 endoplasms
  2 giant cockroaches
  6 goblins
  6 hobgoblins
  2 jackals (D:3)
  A quokka (D:3)
  4 ball pythons
  A ball python zombie (D:3)
  5 bats
  3 frilled lizards
  A jackal zombie (D:3)
  2 kobolds (D:2)
  A rat (D:1)
58 creatures vanquished.

Vanquished Creatures (others)
  6 plants (D:3)
  4 withered plants (D:3)
10 creatures vanquished.

Grand Total: 68 creatures vanquished

Notes
Turn   | Place    | Note
-------+----------+-------------------------------------------
     0 | D:1      | Alarkh the Demonspawn Hunter began the quest for the Orb.
     0 | D:1      | Reached XP level 1. HP: 16/16 MP: 1/1
   247 | D:1      | Found Danwouph's Assorted Antiques.
   250 | D:1      | Bought a fuming dark potion for 19 gold pieces
   985 | D:1      | Reached skill level 4 in Ranged Weapons
  1078 | D:2      | Gained mutation: You have a small tail. [demonic ancestry]
  1078 | D:2      | Reached XP level 2. HP: 22/22 MP: 2/2
  1263 | D:2      | Found a broken altar of Ashenzari.
  1535 | D:2      | Found Gighacuk's Book Shoppe.
  1553 | D:2      | Gained mutation: You are partially covered in sharp spines.
                  | [demonic ancestry]
  1553 | D:2      | Reached XP level 3. HP: 27/27 MP: 3/3
  2134 | D:3      | Reached skill level 5 in Ranged Weapons
  2134 | D:3      | Reached skill level 1 in Unarmed Combat
  2134 | D:3      | Reached XP level 4. HP: 32/33 MP: 4/4
  2336 | D:3      | Found a transporter.
  2345 | D:3      | Noticed Alarkh's ghost (amateur DsCK)
  2516 | D:3      | Found a transporter.
  2563 | D:3      | Gained mutation: You are mostly covered in sharp spines.
                  | [demonic ancestry]
  2563 | D:3      | Reached XP level 5. HP: 38/38 MP: 5/5
  3016 | D:4      | Noticed Grinder
  3024 | D:4      | Paralysed by Grinder for 4 turns
  3035 | D:4      | Killed from afar by Grinder

Illustrated notes

Levels and vault maps discovered:
D:1:      giann_forest_graveyard, layout_basic, serial_shops,
          nicolae_shop_real_fake_doors
D:2:      layout_basic, basic_altar, serial_shops,
          nicolae_shop_pleasant_corner_grove
D:3:      layout_loops_corners, gammafunk_ghost_gnarly_gnolls, serial_undead,
          serial_undead_c, serial_undead_e, serial_undead_f, serial_undead_f,
          serial_undead_a, serial_undead_d, serial_undead_c
D:4:      layout_rooms, serial_forest, infiniplex_forest_clump_medium,
          infiniplex_forest_lined_1, infiniplex_forest_end_1,
          infiniplex_forest_straight_1, infiniplex_forest_straight_3,
          infiniplex_forest_clump_tiny, infiniplex_forest_clump_long,
          infiniplex_forest_lined_room_3, roderic_roman_lattice, nrook_uturn,
          minmay_close_crescents, uniq_blork_the_orc, uniq_grinder

Skill      XL: |  1  2  3  4 |
---------------+-------------+-----
Ranged Weapons | 4 5 |  5.4
Unarmed Combat | 1 2 |  2.4
Fighting       | |  2.0
Dodging        | |  1.7
Stealth        | |  0.8

Action                     |  1- 3 |  4- 6 || total
---------------------------+-------+-------++-------
  Melee: Unarmed           |       |     3 ||     3
   Fire: Shortbow          |    73 |    85 ||   158
 Armour: Leather armour    |     8 |     9 ||    17
  Dodge: Dodged            |    15 |     7 ||    22
